AoeStats
← ScottPuppy

Arabia

508773204Analyzed
1v1 RM · 8d ago on Sep 24, 2026· 52m 41s· 2 players
Game mode
Random Map
Map size
Tiny (2 player)
Population
200
Speed
Normal
Resources
Standard
Victory
Conquest
Starting age
Dark Age
Ending age
Imperial Age
RankedLock teamsTeams togetherTeam positionsShared explorationLock speedFull tech treeHidden civsTurbo modeCheats
Victory
Defeat
🇺🇸 Spanish · United States
835
+15
🇨🇴 Ethiopians · Colombia
810
-15
KAKALUZ
5:55 Loom
8:47 Feudal Age
14:01 Fletching
17:18 Wheelbarrow
16:28 Town Watch
22:29 Forging
30:03 Castle Age
29:30 Double-Bit Axe
30:06 Padded Archer Armor
30:14 Crossbowman
31:23 Thumb Ring
40:48 Squires
47:10 Bow Saw
51:25 Iron Casting
ScottPuppy
11:33 Feudal Age
12:17 Double-Bit Axe
16:40 Fletching
17:49 Forging
18:08 Bloodlines
20:53 Scale Barding Armor
25:38 Loom
27:51 Wheelbarrow
30:39 Castle Age
31:24 Light Cavalry
32:05 Husbandry
32:32 Bodkin Arrow
33:06 Chain Barding Armor
34:55 Iron Casting
41:18 Elite Skirmisher
42:57 Thumb Ring
45:55 Imperial Age
44:51 Scale Mail Armor
44:53 Padded Archer Armor
44:53 Scale Mail Armor
45:05 Pikeman
46:36 Ballistics
46:02 Cavalier
48:45 Bracer
54:11 Blast Furnace
Connection lost

Rejoining the realm…

Still unreachable

The connection could not be restored.

Session expired

The server has moved on; the page needs a fresh start.